Unix NetHack Version 5.0.0-0 post-release - last build May  4 2026 22:22:43 (774f63e81ad911689b3a0859ea89b322d5daca8d,branch:main).

Game began 2026-05-07 04:29:17, ended 2026-05-07 04:34:39.

Brudee, chaotic female human Barbarian

                        ..--
                        ..<.
                        -.--
                        |@-
                        |G.

Brudee the Plunderess      St:18 Dx:18 Co:18 In:8 Wi:7 Ch:6  Chaotic
Dlvl:3  $:10 HP:0(26) Pw:1(1) AC:7  Xp:2/23 T:906 

Latest messages:
 Your sacrifice is consumed in a burst of flame!
 You don't have anything to sacrifice.
 You see here a leash.
 You see here a statue of a jackal.
 You are beginning to feel hungry.
 What do you want to eat? [di or ?*] ?
 This food really hits the spot!
 You finish eating the food ration.
 What do you want to drop? [$a-ce-i or ?*] d
 You don't have that object.
 What do you want to drop? [$a-ce-i or ?*] <space>
 Never mind.
 You swap places with Idefix.
 Idefix drops a leash.
 You see here a leash.
 n - a leash.
 $ - a gold piece (9 in total).
 $ - a gold piece (10 in total).
 You see here an empty broken chest.
 You see here an empty broken chest.
 In what direction? l
 The door closes.
 You hear someone counting gold coins.
 You miss the lichen.
 You kill the lichen!
 Welcome to experience level 2.
 You descend the stairs.
 You kill the newt!
 You see here a leather jacket.
 o - a leather jacket.
 You hear a B note squeak in the distance.
 That door is closed.
 That door is closed.
 The door opens.
 The door opens.
 p - a scroll labeled STRC PRST SKRZ KRK.
 You kill the sewer rat!
 q - a cubical amulet.
 You see here a food ration.
 r - a food ration.
 You descend the stairs.
 You are hit by a crossbow bolt!
 You are hit by a crossbow bolt.
 You are hit by a crossbow bolt.
 You are hit by a crossbow bolt.
 The gnome king swings his crossbow.
 The gnome king hits!
 You die...
 Do you want your possessions identified? [ynq] (y) y
 Do you want to see your attributes? [ynq] (y) q

Inventory:
 Coins    ('$')
  $ - 10 gold pieces
 Amulets  ('"')
  q - an uncursed amulet of life saving
 Weapons  (')')
  b - a +0 axe (alternate weapon; not wielded)
  a - a +0 two-handed sword (weapon in hands)
 Armor    ('[')
  o - an uncursed +0 leather jacket
  c - a blessed +0 ring mail (being worn)
 Comestibles  ('%')
  i - an uncursed cream pie
  r - an uncursed food ration
 Scrolls  ('?')
  p - an uncursed scroll of teleportation
 Potions  ('!')
  g - an uncursed potion of confusion
  e - an uncursed potion of gain ability
  f - an uncursed potion of healing
 Tools    ('(')
  h - an uncursed blindfold
  n - an uncursed leash

Brudee the Barbarian's attributes:

Background:
 You were a Plunderess, a level 2 female human Barbarian.
 You were chaotic, on a mission for Set
 who was opposed by Mitra (lawful) and Crom (neutral).
 You were right-handed.
 You were in the Gnomish Mines, on level 3.
 You entered the dungeon 906 turns ago.
 It was nighttime.
 You had 23 experience points, 17 more were needed to attain level 3.

Basics:
 You had 0 out of 26 hit points.
 You had 1 out of 1 energy points (spell power).
 Your armor class was 7.
 Your wallet contained 10 zorkmids.
 Autopickup was on for '$"?+!=/' plus thrown.

Final Characteristics:
 Your strength was 18 (limit:18/100).
 Your dexterity was 18 (limit:18).
 Your constitution was 18 (limit:18).
 Your intelligence was 8 (limit:18).
 Your wisdom was 7 (limit:18).
 Your charisma was 6 (limit:18).

Final Status:
 You weren't hungry.
 You were unencumbered.
 You were wielding a two-handed sword.
 You had basic skill with two-handed sword.

Final Attributes:
 You were devoutly aligned.
 You were poison resistant.
 You were warded.
 You are dead.

Miscellaneous:
 You didn't encounter any bones levels.
 Total elapsed playing time was 5 minutes and 17 seconds.

Major events:
 Turn
    1: Brudee the chaotic female human Barbarian entered the dungeon
  903: entered the Gnomish Mines
  906: killed by a gnome king

You didn't know any spells.

Skills:
 Fighting Skills
   bare handed combat [Basic]
   two weapon combat  [Unskilled]
   riding             [Unskilled]
 Weapon Skills
   dagger             [Unskilled]
   axe                [Basic]
   pick-axe           [Unskilled]
   short sword        [Unskilled]
   broadsword         [Unskilled]
   long sword         [Unskilled]
   two-handed sword   [Basic]
   saber              [Unskilled]
   club               [Unskilled]
   mace               [Unskilled]
   morning star       [Unskilled]
   flail              [Unskilled]
   hammer             [Unskilled]
   quarterstaff       [Unskilled]
   spear              [Unskilled]
   trident            [Unskilled]
   bow                [Unskilled]
 Spellcasting Skills
   attack spells      [Unskilled]
   escape spells      [Unskilled]

Voluntary challenges:
 Character rerolling was not enabled.
 You followed a strict vegan diet.
 You were illiterate.
 You never genocided any monsters.
 You never polymorphed an object.
 You never changed form.
 You used no wishes.
Achievement:
 You entered the Gnomish Mines.

 The Dungeons of Doom: levels 1 to 2
    Level 1:
       An altar to Set, a sink.
    Level 2:
       Stairs down to The Gnomish Mines.
 The Gnomish Mines:
    Level 3: <- You were here.
       Final resting place for
          you, killed by a gnome king.


Vanquished creatures:
  a gnome
  a fox
  a kobold
  5 sewer rats
  2 lichens
  a kobold zombie
  5 newts
16 creatures vanquished.

No species were genocided or became extinct.

Game over:
                       ----------
                      /          \
                     /    REST    \
                    /      IN      \
                   /     PEACE      \
                  /                  \
                  |      Brudee      |
                  |      10 Au       |
                  |   killed by a    |
                  |    gnome king    |
                  |                  |
                  |                  |
                  |       2026       |
                 *|     *  *  *      | *
        _________)/\\_//(\/(/\)/\//\/|_)_______

Goodbye Brudee the Barbarian...

You died in The Gnomish Mines on dungeon level 3 with 201 points,
and 10 pieces of gold, after 906 moves.
You were level 2 with a maximum of 26 hit points when you died.

